[Event "74th PGNiG TERMIKA POL-ch Women 2022"]
[Site "Kruszwica"]
[Date "2022.05.09"]
[Round "1.1"]
[White "Zawadzka, Jolanta"]
[Black "Cyfka, Karina"]
[Result "1/2-1/2"]
[ECO "C50"]
[WhiteElo "2409"]
[BlackElo "2404"]
[Annotator "TA"]
[PlyCount "93"]
[EventDate "2022.05.09"]
[EventType "tourn"]
[EventCountry "POL"]
[SourceTitle "playchess.com"]
[Source "ChessBase"]
[SourceQuality "1"]
[TimeControl "40/5400+30:1800+30"]

1. e4 e5 2. Nf3 Nc6 3. Bc4 Nf6 4. d3 Bc5 5. O-O a6 6. a4 {[%emt 0:01:45] C50: Hungarian Defence and Giuoco Pianissimo.} d6 7. c3 Ba7 8. Re1 {[%emt 0:00:42] White has an edge.} h6 9. Nbd2 O-O 10. h3 Re8 11. b4 $1 {[%emt 0:01:03][%cal Bb2b4,Bb4b5][%mdl 32] The main line 11.b4 scores better than 11.Nf1.} Be6 12. Bxe6 Rxe6 13. Bb2 Nh7 {[%emt 0:10:06] [#]} 14. b5 $146 ({Predecessor:} 14. Nf1 Ne7 15. d4 Ng6 16. Ng3 Nh4 17. a5 Nxf3+ 18. Qxf3 g6 19. Rad1 Qh4 20. c4 Bxd4 21. Bxd4 exd4 22. Rxd4 {½-½ (57) Firouzja,A (2726)-Shankland,S (2683) Prague 2020}) 14... Ne7 15. d4 Ng6 16. Nf1 Ng5 17. Nxg5 Qxg5 18. Bc1 Nf4 19. Bxf4 (19. Ng3 {feels stronger.}) 19... Qxf4 $11 20. Ng3 exd4 21. cxd4 Rae8 22. Ra3 Qf6 23. Rd3 axb5 24. axb5 g6 25. Qd2 Kh7 26. Kh2 R6e7 (26... Qg5 $11 {remains equal.}) 27. f4 $16 {[%emt 0:00:50] e5 is the strong threat. White is more active.} Bb6 (27... Qh4 $142) 28. e5 $1 Qg7 29. Ne4 {[%emt 0:06:58][%cal Of4f5] Against f6. Strongly threatening f5!} d5 30. Nf6+ ({White should try} 30. Nc3 $1 $18 ) 30... Qxf6 31. exf6 Rxe1 {[%emt 0:00:05] [#]} 32. h4 (32. Qa2 $1 $16 ) 32... h5 $2 (32... R1e4 $14) 33. f5 $1 $18 c6 {[%emt 0:00:03] White must now prevent ...Bc7+.} 34. fxg6+ fxg6 35. Qf4 {[%emt 0:00:09] Inhibits Bc7.} (35. Rg3 {Intending Qg5 and mate.} Rf1 36. Qg5) 35... R1e4 {[%emt 0:01:06] [#]} 36. Qd6 ({Less strong is} 36. f7 Rf8 37. Qf6 Bd8 $11) 36... Rd8 {[%emt 0:01:02] Against Qd7+} 37. Qg3 (37. Qa3 $18) 37... Rd7 $1 $14 {[%emt 0:00:30] aiming for ...Bc7.} 38. Qf2 Rf7 $1 39. g3 Re6 40. Rf3 Bd8 41. Kh3 Rfxf6 42. Rxf6 Bxf6 {[%emt 0:00:55] KQ-KRB} 43. b6 Kg7 {[%emt 0:01:05] The position is equal.} 44. Qf4 Re4 45. Qc7+ Re7 46. Qf4 Re4 47. Qc7+ {[%emt 0:00:35] White really could win this.  Weighted Error Value: White=0.26 (precise) /Black=0.28 (precise)} 1/2-1/2

[Event "74th PGNiG TERMIKA POL-ch Women 2022"]
[Site "Kruszwica"]
[Date "2022.05.09"]
[Round "1.2"]
[White "Rudzinska, Michalina"]
[Black "Kulon, Klaudia"]
[Result "1-0"]
[ECO "B22"]
[WhiteElo "2236"]
[BlackElo "2305"]
[Annotator "TA"]
[PlyCount "99"]
[EventDate "2022.05.09"]
[EventType "tourn"]
[EventCountry "POL"]
[SourceTitle "playchess.com"]
[Source "ChessBase"]
[SourceQuality "1"]
[TimeControl "40/5400+30:1800+30"]

1. e4 c5 2. c3 Nf6 3. e5 Nd5 4. Nf3 Nc6 5. Bc4 Nb6 6. Bb3 d5 7. exd6 Qxd6 8. O-O Bf5 9. d4 cxd4 10. Nxd4 Nxd4 11. cxd4 e6 12. Nc3 Be7 13. Qf3 Qd7 14. d5 {[%emt 0:09:11] B22: Sicilian: 2 c3.} e5 ({Black should play} 14... exd5 $14 15. a4 Bg4) 15. a4 $16 a5 16. Qe3 {[%emt 0:04:26] [#] White is clearly better.} Nc8 $146 ({Predecessor:} 16... Ra6 17. Qxe5 O-O 18. Ne4 Re8 19. Re1 Raa8 20. Qd4 Bb4 21. Bh6 f6 22. Nxf6+ gxf6 23. d6+ Be6 24. Rxe6 Rxe6 25. Qxf6 Rae8 26. Bxe6+ Rxe6 27. Qf8# {1-0 (27) Palkovi,J (2410)-Sapi,L (2285) Budapest 1994}) 17. Qxe5 O-O 18. Qg3 Nd6 19. Bf4 Rac8 20. Rfe1 {[%emt 0:04:40][%cal Oe1e7] [#] Black must now prevent Rxe7!} Nc4 $2 {[%emt 0:01:06] This move loses the game for Black.} (20... Rfd8 $16 21. Rad1 Bg6) 21. Bxc4 (21. d6 $18 {has better winning chances.} Bd8 22. Nd5 (22. Bh6 Bg6 $16)) 21... Rxc4 22. d6 Bf6 23. Nd5 Bxb2 (23... Bd8 24. Ne3 Rb4) 24. Ra2 (24. Rad1 $142) 24... Bd4 $18 25. Be5 $40 {[%emt 0:00:58][%csl Ge5][%cal Rg3g7][%mdl 128] [#] White has strong attack.} Bg6 26. Qb3 Bxe5 27. Qxc4 Bxd6 28. Rd2 {[%emt 0:05:27][%cal Od5e7] aiming for Ne7+!} Kh8 (28... Re8 {keeps fighting.} 29. Rxe8+ (29. Nf6+ gxf6 30. Rxe8+ Qxe8 $16) 29... Qxe8) 29. Red1 (29. Nf4 $142) 29... Bb8 (29... Qc6 {was necessary.} 30. Rc1 Rb8) 30. Nf4 Qe7 (30... Qc7 $142 31. Qxc7 Bxc7) 31. Rd7 Qf6 32. Nxg6+ fxg6 33. Qd4 {[%emt 0:00:22] Active counter play!} ({Less strong is} 33. Rxb7 Qxf2+ 34. Kh1 h6 $16) 33... Be5 34. Qd2 b6 35. Rd8 {[%emt 0:00:19] Threatens to win with Rxf8+.} h5 36. Rxf8+ Qxf8 {[%emt 0:00:01][%mdl 4096] Endgame KQR-KQB} 37. Qg5 Qf6 38. Qxf6 gxf6 {[%emt 0:00:04] KR-KB} 39. Rd7 h4 $2 (39... f5 40. g3 Bc3) 40. h3 Kg8 41. Kf1 Kf8 42. Ke2 Ke8 43. Rh7 g5 44. Kd3 Kd8 45. Kc4 Kc8 46. Kd5 {[%emt 0:00:36] Hoping for Kc6.} Kb8 47. Rd7 {[%emt 0:02:00] And now Kc6 would win.} b5 48. axb5 {[%emt 0:00:24] White mates.} a4 49. Kc6 a3 50. Rd8+ {[%emt 0:00:06] Weighted Error Value: White=0.27 (precise) /Black=0.77} 1-0

[Event "74th PGNiG TERMIKA POL-ch Women 2022"]
[Site "Kruszwica"]
[Date "2022.05.09"]
[Round "1.3"]
[White "Kubicka, Anna"]
[Black "Malicka, Maria"]
[Result "0-1"]
[ECO "C02"]
[WhiteElo "2245"]
[BlackElo "2377"]
[Annotator "TA"]
[PlyCount "104"]
[EventDate "2022.05.09"]
[EventType "tourn"]
[EventCountry "POL"]
[SourceTitle "playchess.com"]
[Source "ChessBase"]
[SourceQuality "1"]
[TimeControl "40/5400+30:1800+30"]

1. e4 e6 2. d4 d5 3. e5 c5 4. c3 Nc6 5. Nf3 Qb6 6. a3 a5 7. Bd3 Bd7 8. Bc2 Qb5 {[%emt 0:23:54] C02: French: Advance Variation.} 9. c4 (9. a4 $5 Qb6 10. Na3 $14) 9... dxc4 (9... Qxc4 $2 10. Bd3 Qxd3 11. Qxd3 $18) 10. Nc3 {[%emt 0:02:17] [#]} Qa6 $146 {[%emt 0:03:56] [#]} (10... Qb6 $14) ({Predecessor:} 10... Qb6 11. d5 exd5 12. Nxd5 Qd8 13. O-O Be6 14. Be4 Nd4 15. Nf4 Bg4 16. Bxb7 Rb8 {0-1 (58) Kiselev,S (2445)-Shaposhnikov,E Roslavl 1989}) 11. d5 (11. dxc5 $1 $16 Bxc5 12. Ne4) 11... exd5 $11 12. Nxd5 {[%emt 0:00:23] [#]} (12. Qxd5 $15 Be6 13. Qe4) 12... O-O-O $1 $17 {[%emt 0:00:15] Strongly threatening ...Be6.} 13. Bd2 Nd4 (13... Nge7 $17 14. Ne3 (14. Bg5 $2 Be6 $17) 14... Be6) 14. Ng5 $2 (14. Nxd4 $15 cxd4 15. Bg5) 14... Nh6 {[%emt 0:10:53] And now ...Bg4 would win.} 15. Ne3 {[%emt 0:10:13] Against Bg4} (15. Nc3 $142) 15... f6 $19 16. Ne4 f5 (16... fxe5 17. O-O $19) 17. Nc3 Be6 {[%emt 0:03:51] aiming for ...f4.} 18. f4 Nb3 (18... Be7 $19 {Hoping for ...g5.} 19. O-O b5) 19. Bxb3 $17 cxb3 20. Qe2 Qxe2+ 21. Nxe2 b6 {[%emt 0:01:22] Black is more active.} 22. O-O-O Be7 23. Bc3 Kc7 24. Rxd8 Rxd8 ({Not} 24... Bxd8 25. h3 $17) 25. Rd1 (25. Bd2 $142) 25... Rxd1+ $19 26. Kxd1 Ng4 27. Nxg4 fxg4 {[%emt 0:00:02][%mdl 4096] Endgame KBB-KBN} 28. Ng3 g6 {[%emt 0:00:56] Prevents f5.} 29. Nf1 $2 (29. Ne4 {keeps fighting.}) 29... Kc6 {[%emt 0:00:56] ...a4 is the strong threat.} 30. Ne3 $2 (30. a4) 30... a4 31. Be1 b5 32. Kc1 b4 33. Bd2 Kb5 34. g3 c4 35. axb4 Bxb4 36. Bxb4 Kxb4 {[%emt 0:00:01] KB-KN} 37. Nd1 {[%emt 0:00:36] Prevents c3.} a3 38. Kb1 a2+ 39. Ka1 Kc5 40. Nc3 Bf5 41. Ne2 Bd7 42. Nc3 Bf5 43. Ne2 g5 44. fxg5 Kd5 45. Nc3+ Kxe5 46. Nb5 Bd3 47. Nc3 Kd4 48. Nb5+ Ke3 49. Na3 c3 {[%emt 0:05:54] Black mates.} 50. bxc3 Kd2 51. Kb2 a1=Q+ 52. Kxa1 Kc1 {[%emt 0:00:05] Weighted Error Value: White=0.79/Black=0.22 (precise)} 0-1

[Event "74th PGNiG TERMIKA POL-ch Women 2022"]
[Site "Kruszwica"]
[Date "2022.05.09"]
[Round "1.4"]
[White "Antolak, Julia"]
[Black "Socko, Monika"]
[Result "0-1"]
[ECO "C11"]
[WhiteElo "2371"]
[BlackElo "2384"]
[Annotator "TA"]
[PlyCount "108"]
[EventDate "2022.05.09"]
[EventType "tourn"]
[EventCountry "POL"]
[SourceTitle "playchess.com"]
[Source "ChessBase"]
[SourceQuality "1"]
[TimeControl "40/5400+30:1800+30"]

1. e4 e6 2. d4 d5 3. Nc3 Nf6 4. Bg5 dxe4 5. Nxe4 Be7 6. Bxf6 gxf6 7. g3 f5 8. Nc3 Bf6 9. Nge2 Nc6 {[%emt 0:04:28][%cal Rc6d4] C13: French: Classical System: 4 Bg5 Be7, Alekhine-Chatard Attack.} 10. d5 Ne7 11. dxe6 Bxe6 {[%emt 0:07:25] The position is equal.} 12. Bg2 {[%emt 0:03:36] [#]} Qxd1+ $146 ({Predecessor:} 12... c6 13. Qxd8+ Rxd8 14. Rd1 O-O 15. O-O Ng6 16. b3 f4 17. Rxd8 Rxd8 18. Rd1 Rxd1+ 19. Nxd1 {½-½ (58) Tarasov,O (2169)-Smirnov,A (2461) Moscow 2020}) 13. Rxd1 c6 {[%emt 0:00:03] Inhibits Nb5.} 14. O-O Rd8 15. b3 Ng6 16. Na4 (16. f4 {feels hotter.} Ke7 17. Kf2 Rd6 18. Rxd6 Kxd6 19. Rd1+) 16... O-O 17. Nc5 Bc8 18. Nd3 Rd6 19. Nef4 Rfd8 20. Bf3 Kf8 21. Kg2 b6 22. Kg1 a5 23. Nh5 Bc3 24. Ndf4 Bd4 25. Be2 b5 26. Kg2 Bb7 27. f3 Bc8 (27... b4 {seems wilder.} 28. Rfe1 Bc8 29. Bc4 Bc3) 28. Rd2 Bc3 29. Rxd6 Rxd6 30. Rd1 Ke7 31. Nd3 Bd4 32. f4 Bc3 {[%emt 0:04:41] Black is more active.} 33. Kf1 Be6 34. h3 Bd4 35. Ne1 a4 (35... Bh8 $15) 36. g4 fxg4 37. hxg4 f5 38. Nf3 (38. g5 $11) 38... Be3 $17 39. Rxd6 Kxd6 40. Nf6 $2 {[%emt 0:00:00] [#] This costs White the game.} (40. Ng5 $17 {was worth a try.}) 40... fxg4 41. Ne4+ $2 (41. Ng5) 41... Ke7 $19 ({Don't blunder} 41... Kd5 $2 42. Nf6+ Kd6 43. Ng5 $19) 42. Nfg5 Bf5 43. bxa4 bxa4 44. Ng3 Bxc2 {[%emt 0:01:02] This bishop pair is nice.} 45. Bxg4 Bxf4 46. N5e4 Ne5 {[%emt 0:02:35] Prevents Bf3.} 47. Bc8 a3 {[%emt 0:02:58] ...Bxg3 is the strong threat.} 48. Nf5+ (48. Bf5 $142 Bd3+ 49. Kg2) 48... Kd8 49. Ned6 {[%emt 0:00:30] [#]} Nc4 $1 50. Nxc4 (50. Be6 Nxd6) 50... Bd3+ {[%emt 0:00:04] Black mates.} 51. Kf2 Bxc4 52. Bb7 Kc7 53. Ba8 Bxa2 54. Nd4 Bc4 {[%emt 0:01:30] Weighted Error Value: White=0.45/Black=0.09 (flawless)} 0-1

[Event "74th PGNiG TERMIKA POL-ch Women 2022"]
[Site "Kruszwica"]
[Date "2022.05.09"]
[Round "1.5"]
[White "Majdan, Joanna"]
[Black "Kiolbasa, Oliwia"]
[Result "0-1"]
[ECO "C82"]
[WhiteElo "2325"]
[BlackElo "2375"]
[Annotator "TA"]
[PlyCount "46"]
[EventDate "2022.05.09"]
[EventType "tourn"]
[EventCountry "POL"]
[SourceTitle "playchess.com"]
[Source "ChessBase"]
[SourceQuality "1"]
[TimeControl "40/5400+30:1800+30"]

1. e4 e5 2. Nf3 Nc6 3. Bb5 a6 4. Ba4 Nf6 5. O-O Nxe4 6. d4 b5 7. Bb3 d5 8. dxe5 Be6 9. c3 Bc5 10. Nbd2 O-O 11. Bc2 Nxf2 12. Rxf2 f6 13. exf6 Bxf2+ 14. Kxf2 Qxf6 15. Nf1 Ne5 16. Be3 Rae8 17. Bd4 Bg4 {[%emt 0:02:52] ...Qh4+ is the strong threat. Dancing on a razor blade. C82: Open Ruy Lopez: 9 c3 without 9...Be7.} 18. Bxe5 $2 (18. N1d2 $1 $11) 18... Rxe5 $19 19. Ng3 $2 {[%emt 0:11:27] [#]} (19. Kg1) 19... Qh6 $1 {[%emt 0:06:56] Black is clearly winning.} 20. Nf1 {[%emt 0:08:52] Against Qe3+} (20. Bxh7+ $142 Qxh7 21. Kg1 Bxf3 22. gxf3) 20... Bxf3 21. gxf3 Rg5 {[%emt 0:00:35] [#]} 22. Bd3 $146 ({Predecessor:} 22. Qd4 Qh3 23. Qd3 Qg2+ 24. Ke1 Rxf3 {0-1 (24) Drygalski,W-Gysi,A Italy 1995}) 22... Qh4+ 23. Ke3 Rg2 {[%emt 0:02:39] Black took control after the opening.  Weighted Error Value: White=2.93/Black=0.02 (flawless)} 0-1

[Event "74th PGNiG TERMIKA POL-ch Women 2022"]
[Site "Kruszwica"]
[Date "2022.05.10"]
[Round "2.1"]
[White "Rudzinska, Michalina"]
[Black "Kubicka, Anna"]
[Result "1-0"]
[ECO "B10"]
[WhiteElo "2236"]
[BlackElo "2245"]
[Annotator "TA"]
[PlyCount "141"]
[EventDate "2022.05.09"]
[EventType "tourn"]
[EventCountry "POL"]
[SourceTitle "playchess.com"]
[Source "ChessBase"]
[SourceQuality "1"]
[TimeControl "40/5400+30:1800+30"]

1. e4 c6 2. Nf3 d5 3. exd5 cxd5 4. Ne5 Nc6 5. d4 e6 6. Bb5 {[%emt 0:00:57] B10: Caro-Kann: 2 d3 and 2 c4.} Bd7 7. Nxd7 Qxd7 8. c3 {[%emt 0:01:06] The position is equal.} Nf6 9. Nd2 Bd6 10. O-O a6 11. Bd3 e5 12. dxe5 Nxe5 13. Nf3 {[#] Nxe5 is the strong threat.} Nxd3 $146 (13... O-O {seems wilder.} 14. Nxe5 Bxe5 15. Bg5 Ng4) ({Predecessor:} 13... O-O 14. h3 Nxd3 15. Qxd3 h6 16. Be3 Rfe8 17. Rfe1 Rac8 18. Rad1 b5 19. Bd4 Rxe1+ 20. Rxe1 {1-0 (63) Shahaliyev,I (2379)-Gaprindashvili,V (2360) Baku 2017}) 14. Qxd3 O-O 15. Be3 Rad8 16. Bg5 Be7 $1 17. Rad1 Ne4 18. Bxe7 Qxe7 19. Rfe1 Rfe8 20. Qc2 b5 21. Rd4 Qb7 22. Red1 h6 23. Qd3 Qb6 24. Ne1 Rd6 25. Nc2 Rf6 26. Rf1 Nc5 27. Qd2 Ne6 28. Rg4 Qc5 29. Qe3 Qc8 30. Qg3 h5 (30... g5 $5 ) 31. Rh4 Qd8 (31... g6 $11) 32. f4 ({Not} 32. Rxh5 Nf4 33. Qh4 Nxh5 34. Qxh5 Rfe6 $17) (32. Re1 $14) 32... g6 33. f5 $1 Ng7 34. Nd4 Qe7 (34... Qb6 $11 {keeps the balance.}) 35. Rhf4 $16 {[%emt 0:00:52] White is more active. White now steadily converts the win.} Qe5 36. fxg6 Rxg6 (36... Rxf4 $16 {is a better defense.} 37. Qxf4 (37. Rxf4 fxg6 38. h3 Kh7 $14) 37... Qxf4 38. Rxf4 fxg6) 37. Qf2 f6 38. Rxf6 Rxf6 39. Qxf6 Qxf6 40. Rxf6 $18 {[%emt 0:00:00][%mdl 4096] Endgame KRN-KRN} Re1+ 41. Rf1 Re4 42. Rd1 Ne8 43. Kf2 Nf6 44. h3 {[%emt 0:00:53] Against Ng4+} Rf4+ (44... Kf7 $142 45. a4 bxa4) 45. Kg3 Re4 46. Kf3 Kf7 47. Nc6 Ke6 48. Nb4 Ke5 49. Nxa6 Rf4+ 50. Ke3 Re4+ 51. Kf2 Rf4+ 52. Kg1 Rf5 53. Nb4 Rg5 54. Nc6+ Ke4 55. Nd4 Ke3 56. Nxb5 h4 57. Nd4 Rg8 58. Nf5+ Ke2 59. Rd4 Rb8 60. b3 Ra8 61. a4 Rb8 62. Rxh4 Ne4 (62... Kd3 $142 63. c4 dxc4) 63. c4 Rf8 {[%emt 0:00:46] [#]} 64. cxd5 $1 Nd2 (64... Nc5 65. Nd4+) 65. Ng3+ Ke1 66. b4 Rd8 67. Rd4 Rc8 68. d6 Rc2 69. Rf4 {[%emt 0:01:12] White threatens d7 and mate.} Rc6 70. Ne4 {[%emt 0:00:35] Intending d7 and mate.} Rc4 {[%emt 0:00:33] [#]} 71. Nc5 $1 {[%emt 0:00:40] Weighted Error Value: White=0.08 (flawless) /Black=0.20 (precise)} 1-0

[Event "74th PGNiG TERMIKA POL-ch Women 2022"]
[Site "Kruszwica"]
[Date "2022.05.10"]
[Round "2.2"]
[White "Malicka, Maria"]
[Black "Zawadzka, Jolanta"]
[Result "0-1"]
[ECO "B50"]
[WhiteElo "2377"]
[BlackElo "2409"]
[Annotator "TA"]
[PlyCount "252"]
[EventDate "2022.05.09"]
[EventType "tourn"]
[EventCountry "POL"]
[SourceTitle "playchess.com"]
[Source "ChessBase"]
[SourceQuality "1"]
[TimeControl "40/5400+30:1800+30"]

1. e4 c5 2. Nf3 d6 3. c3 Nf6 4. Be2 Bd7 5. Qc2 Bc6 6. d3 {[%emt 0:00:25] B50: Sicilian: 2...d6, Miscellaneous.} g6 7. O-O Bg7 {[%emt 0:02:38] [#]} 8. c4 $146 {[%emt 0:01:09] The position is equal.} ({Predecessor:} 8. h3 O-O 9. Bf4 Nbd7 10. Nbd2 Rc8 11. Rfe1 b5 12. Bf1 a5 13. Rad1 Nb6 14. Qb1 {1-0 (45) Siniauski,A (2222)-Golsta,M (1982) Chess.com INT 2022}) 8... O-O 9. Nc3 Ne8 10. Bg5 h6 11. Be3 e5 {[%emt 0:16:12] Against d4} 12. Ne1 f5 13. exf5 gxf5 14. f4 Nd7 15. Bf3 (15. Qd2 $5 ) 15... Kh8 (15... Nef6 $11) 16. Kh1 Rb8 17. Qd2 Qf6 18. Nc2 (18. Bxc6 $16 bxc6 19. Nf3) 18... Nc7 $14 19. Rae1 Ne6 20. fxe5 dxe5 21. Nd5 Bxd5 22. Bxd5 Qg6 23. b4 b6 24. a3 Rbd8 25. bxc5 Ndxc5 26. Nb4 Nc7 27. Bxc5 bxc5 28. Nc6 Rde8 29. Nxa7 Nxd5 (29... Qa6 $5 30. Nc6 Nxd5 31. cxd5 e4 $14) 30. cxd5 e4 (30... Qa6 $11 31. Nc6 e4) 31. Nb5 Be5 {[%emt 0:05:52] Inhibits Nc7.} 32. dxe4 fxe4 33. d6 {[%emt 0:01:01] And now d7 would win.} Rd8 (33... Rxf1+ $11 {keeps the balance.} 34. Rxf1 Qh5) 34. Rxf8+ $16 Rxf8 35. d7 (35. a4 $16) 35... Qf6 $1 $14 36. Qe2 {[%emt 0:00:40] Prevents Qf1+.} Qc6 (36... Qf5 $14) 37. Rd1 $16 Rd8 {[%emt 0:00:32] [#]} 38. Qh5 (38. Qd2 $1 $16) 38... Bg7 $2 (38... Qe6 $11) 39. a4 e3 40. Rd6 {[%emt 0:00:00] Against Qe6} ({White must play} 40. Nd6 $1 $18 {[%cal Rd6f7] Threatens to win with Nf7+.} Rxd7 41. Nf7+ Rxf7 42. Qxf7) 40... Qe4 $11 41. Rxh6+ (41. Nc3 $1 $11 Bxc3 42. Rxh6+ Kg8 43. Qg5+ Kf7 44. Qh5+ Kg8 45. Qg5+ Kf7 46. Qh5+ Kg8) 41... Kg8 $17 {[%emt 0:11:01] ( -> ...Qb1+)} (41... Bxh6 $6 42. Qxh6+ Kg8 43. Qg5+ Kh7 44. Qh5+ Kg8 45. Qg5+ Kh7 46. Qh5+ Kg8 47. Qg5+ $11) 42. Nc3 {[%emt 0:04:27] Inhibits Qb1+.} ({Not} 42. Rh8+ $2 Bxh8 43. Qg5+ Bg7 44. Qxd8+ Kh7 $19) 42... Qf4 $40 {[%emt 0:10:36][%mdl 128] Black has some attack.} (42... e2 $1 $19 43. Nxe2 Bxh6 44. Qxh6 Rxd7) 43. Qe8+ $11 Qf8 {[%emt 0:00:05] Really sharp!} 44. Re6 Rxd7 45. Qxf8+ $4 ({But not} 45. Rxe3 Qxe8 46. Rxe8+ Kf7 $19) (45. h4 $11 Bxc3 46. Qxd7 Qf1+ 47. Kh2 Qf4+ 48. Kh3 Qf5+ 49. g4 Qf3+ 50. Kh2 Qe2+ 51. Kg3 Qf2+ 52. Kh3 Qf3+ 53. Kh2 Qf2+ 54. Kh3 Qf3+) 45... Kxf8 $19 46. Rxe3 Bxc3 $11 {[%emt 0:00:12][%mdl 4096] Endgame KRB-KR} 47. g4 $2 (47. g3 Bb4 48. Re4) 47... Rd1+ $19 48. Kg2 Bd4 49. Re2 c4 {[%emt 0:00:39] Hoping for ...c3.} 50. Kf3 c3 {[%emt 0:00:35] White must now prevent ...Rd3+.} 51. Ra2 $2 (51. Rc2) 51... Ke7 (51... Rb1 $142 {Strongly threatening ...Rb2.} 52. Ke4 Rb2) 52. Ke2 (52. a5 $142 Rd3+ 53. Ke2) 52... Rg1 {[%emt 0:01:42] ...Rg2+ is the strong threat.} 53. Kd3 Rxg4 54. a5 Bf6 $2 (54... Bh8 $1 $19 55. a6 Rg8) 55. a6 $11 Rg8 {[%emt 0:00:13] aiming for ...Ra8.} 56. h4 $2 (56. a7 $11 {and White is okay.} Rd8+ 57. Kc2) 56... Rd8+ $19 57. Kc4 Rc8+ $2 (57... Kd6 $19 58. h5 Kc7) 58. Kb3 $2 (58. Kd3 $11) 58... Kd7 $2 ({Black should play} 58... Ra8 $19 59. a7 Kd7) 59. a7 $11 Ra8 60. Rf2 $2 (60. Ra6 $11 Bxh4 61. Kxc3) 60... Bh8 $2 ({Weaker is} 60... Bxh4 61. Rf1 $15) (60... Ke6 $19 61. Ra2 Bh8) 61. h5 $2 (61. Rf7+ $11 Kc6 62. h5) 61... Kc6 $2 (61... Ke7 $19 62. Ra2 Bd4) 62. Rf7 $1 Kb6 63. Rh7 $1 Ka6 (63... Bd4 $5 64. Rd7 Bh8 $11) 64. Kc2 Rc8 65. Rc7 Ra8 66. Rh7 $1 Bd4 67. Rd7 $1 Bxa7 (67... Be5 $5 68. Re7 Bd4 $11) 68. Kxc3 $2 (68. h6 $11) 68... Rh8 $2 (68... Rc8+ $11 69. Kd3 Rc6) 69. Rd5 $2 (69. Kd2 $11) 69... Be3 $2 (69... Rh6 $11) 70. Kd3 Bh6 $2 (70... Bf4 $11) 71. Ke4 $2 (71. Rd4 $11) 71... Bg7 $2 (71... Re8+ $11 72. Re5 Rxe5+ 73. Kxe5 Bg7+ 74. Kf5 Bh6) 72. Rd7 $2 (72. Rd6+ $11 Kb5 73. Rd3) 72... Bb2 $2 (72... Re8+ $11 73. Kd3 Bh8) 73. Rd2 $2 (73. Rd6+ $11 Kb7 74. Rd2) 73... Bc3 $2 (73... Re8+ $11 74. Kf5 Re5+ 75. Kf4 Bc3) 74. Rd3 $2 (74. Ra2+ $11 Kb5 75. Rh2) 74... Bb4 $2 (74... Re8+ $11 75. Kf5 Re5+ 76. Kf4 Rc5) 75. Rh3 $2 (75. h6 $11) 75... Rh6 76. Kf5 Kb5 77. Rh2 $2 (77. Kg4 $11) 77... Be7 $2 (77... Bc3 $11) 78. Re2 $2 (78. Kg4 $11) 78... Rxh5+ 79. Kg6 $2 (79. Ke6 $11) 79... Rg5+ 80. Kh6 Bd8 81. Rd2 Rg8 82. Kh7 $2 (82. Rb2+ $11 Kc6 83. Kh7) 82... Re8 83. Kg6 $2 (83. Rb2+ $11 Kc4 84. Rc2+ Kb3 85. Rd2) 83... Bc7 84. Rc2 $2 (84. Rb2+ $11 Kc6 85. Ra2) 84... Bd6 85. Kf5 $2 (85. Rb2+ $11 Bb4 86. Rh2) 85... Bc5 86. Rh2 $2 (86. Rb2+ $11 Kc4 87. Ra2) 86... Kc6 87. Rh6+ Kd5 88. Ra6 $2 (88. Rh5 $11) 88... Bb4 89. Kf4 $2 (89. Rb6 $11) 89... Rf8+ 90. Kg4 $2 (90. Ke3 $11) 90... Bc3 91. Ra3 $2 (91. Rg6 $11) 91... Be5 92. Rf3 $2 (92. Rd3+ $11 Ke4 93. Rd7) 92... Rg8+ 93. Kf5 Bd4 94. Rf4 $2 (94. Rd3 $11) 94... Re8 95. Rf3 $2 (95. Kg4 $11) 95... Re5+ 96. Kf4 Re8 97. Kf5 $2 (97. Rd3 $11) 97... Be3 98. Kg6 $2 (98. Rg3 $11) 98... Ke4 99. Kf7 Ra8 100. Rf1 $2 (100. Rg3 $11) 100... Bf4 101. Ke6 $2 (101. Re1+ $11 Be3 102. Rb1) 101... Ra6+ 102. Kd7 Be5 103. Rd1 $2 (103. Re1+ $11 Kd5 104. Rd1+ Bd4 105. Ke7) 103... Bd4 104. Ke7 $2 (104. Re1+ $11 Kd5 105. Rd1) 104... Kd5 105. Kf7 Rf6+ 106. Ke7 $2 (106. Kg8 $11) 106... Rg6 107. Kf7 $2 (107. Rd2 $11) 107... Rg7+ 108. Kf8 Ra7 109. Kg8 $2 (109. Rd2 $11) 109... Ke5 110. Re1+ $2 (110. Rd2 $11) 110... Kf6 $1 111. Rf1+ Kg6 112. Rf7 $2 Ra8+ 113. Rf8 Ra3 114. Rf7 Rh3 115. Rg7+ $1 Kf6 116. Rh7 $2 (116. Rf7+ $11 Kg6 117. Rg7+ Kf6 118. Rf7+ Kg6) 116... Rg3+ 117. Kf8 Ke6 118. Re7+ Kd6 119. Rh7 $2 (119. Rf7 $11) 119... Rf3+ 120. Rf7 Rh3 121. Rf1 $2 (121. Rf4 $11) 121... Ke6 $1 {[%emt 0:00:36][%cal Rh3h8] Black mates.} 122. Ke8 Bf6 123. Re1+ Be5 124. Rf1 Bc3 125. Kd8 {[%emt 0:00:47] [#]} Be5 $1 126. Kc8 {[%emt 0:00:13] [#]} Rb3 $1 {[%emt 0:00:09] What a fight!  Weighted Error Value: White=0.96/Black=0.69} 0-1